 Dungeon Crawl Stone Soup version 0.23.2-1-ga50397a6bc (webtiles) character file.

Game seed: 6575385143695506003

3053 Mrkan the Grappler (level 9, -2/92 HPs)
             Began as a Troll Monk on May 18, 2019.
             Was an Elder of Trog.
             Slain by a killer bee (7 damage)
             ... on level 8 of the Dungeon.
             The game lasted 00:11:23 (4901 turns).

Mrkan the Grappler (Troll Monk)                     Turns: 4901, Time: 00:11:26

Health: -2/92      AC:  7    Str: 21    XL:     9   Next: 57%
Magic:  8/8        EV: 10    Int:  8    God:    Trog [****..]
Gold:   434        SH:  0    Dex: 13    Spells: 8/8 levels left

rFire    . . .     SeeInvis .     - Unarmed
rCold    . . .     Gourm    +   (no shield)
rNeg     . . .     Faith    .   a - +1 robe
rPois    .         Spirit   .   (helmet restricted)
rElec    .         Reflect  .   (no cloak)
rCorr    .         Harm     .   (gloves unavailable)
MR       .....                  (boots unavailable)
Stlth    ++........             (no amulet)
HPRegen  0.65/turn              (no ring)
MPRegen  0.11/turn              (no ring)

@: lethally poisoned (-2 -> -8)
A: large, unfitting armour, claws 3, fast metabolism 3, gourmand, regeneration
1, shaggy fur 1, tough skin 3
a: Berserk, Trog's Hand, Brothers in Arms, Renounce Religion


You were on level 8 of the Dungeon.
You worshipped Trog.
Trog was greatly pleased with you.
You were not hungry.

You visited 1 branch of the dungeon, and saw 8 of its levels.

You collected 434 gold pieces.

Inventory:

Hand Weapons
 j - a +1 flail
Missiles
 x - 4 large rocks (quivered)
Armour
 a - a +1 robe (worn)
Jewellery
 p - an uncursed ring of protection from fire
Wands
 o - a wand of iceblast (17)
 u - a wand of acid (10)
 y - a wand of random effects (20)
 z - a wand of flame (16)
 B - a wand of clouds (5)
Scrolls
 c - 8 scrolls of teleportation
 f - a scroll of fear
 g - 8 scrolls of remove curse
 m - 3 scrolls of enchant armour
 s - a scroll of immolation
 A - a scroll of vulnerability
Potions
 d - a potion of curing
 e - 2 potions of brilliance
 h - 2 potions of might
 i - 2 potions of mutation
 q - 2 potions of haste
 r - 2 potions of ambrosia
 v - a potion of agility
 w - a potion of flight {unknown}
Comestibles
 b - 7 rations


   Skills:
 + Level 6.9 Fighting
 - Level 2.4 Dodging
 - Level 1.0 Stealth
 * Level 11.2 Unarmed Combat


You had 8 spell levels left.
You didn't know any spells.
Your spell library was empty.

Dungeon Overview and Level Annotations

Branches:
Dungeon (8/15)             Temple (0/1) D:6
   Lair: D:8-11

Altars:
Hepliaklqana
Okawaru
Sif Muna
Trog
Vehumet
Yredelemnul


Innate Abilities, Weirdness & Mutations

You are too large for most types of armour.
You have claws for hands.
Your metabolism is lightning-fast.
You like to eat raw meat.
Your natural rate of healing is unusually fast.
You are covered in fur. (AC +1)
You have extremely tough skin. (AC +3)


Message History

* * * LOW HITPOINT WARNING * * *
The killer bee barely misses you.
The killer bee stings you but does no damage.
You feel sick. The killer bee misses you.
You feel sick. The killer bee barely misses you. The killer bee stings you.
* * * LOW HITPOINT WARNING * * *
You feel sick.
The killer bee stings you but does no damage.
The killer bee stings you.
* * * LOW HITPOINT WARNING * * *
You are more poisoned.
The killer bee poisons you!
The killer bee stings you but does no damage.
Your two-headed ogre goes berserk!
You feel quite a bit more hungry.
You feel sick.
The killer bee stings you but does no damage.
The killer bee barely misses you. The killer bee stings you!
* * * LOW HITPOINT WARNING * * *
The killer bee stings you!
You die...

##########'######
................#
.......†<.......#
...#............#
+...#.#'########.
#.#.#.#.#........
#.......'........
+.....#O#........
..#.#####@#........
..)....yyy#...[....
...###..yy........
+.'..yy........
###.......#####
##.♣###♣# ♣†♣♣
.....y.♣.♣ ..#♣♣.♣


yy. You could see 7 killer bees and a friendly two-headed ogre (berserk).

Vanquished Creatures
  Eustachio (D:5)
  Menkaure (D:7)
  A hungry ghost (D:7)
  2 sky beasts
  An orc warrior (D:6)
  A phantom (D:4)
  6 ogres
  A necrophage (D:5)
  A centaur (D:7)
  Blork the orc (D:5)
  2 bullfrogs
  2 scorpions
  8 killer bees (D:8)
  A howler monkey (D:5)
  A centaur zombie (D:5)
  2 crimson imps
  3 jellies (D:7)
  2 bullfrog skeletons
  An orc priest (D:6)
  4 hounds
  An iguana (D:5)
  6 orc wizards
  5 worker ants
  A killer bee zombie (D:8)
  A hound zombie (D:5)
  5 adders
  4 gnolls
  3 shadow imps
  An adder skeleton (D:4)
  An adder zombie (D:7)
  4 worms (D:3)
  A dart slug (D:3)
  8 leopard geckos
  21 orcs
  2 ball pythons (D:1)
  3 giant cockroaches
  16 goblins
  11 hobgoblins
  10 jackals
  6 kobolds
  5 quokkas
  9 bats
  5 frilled lizards
  5 rats
176 creatures vanquished.

Vanquished Creatures (others)
  A sky beast (D:5)
  2 orcs (D:5)
3 creatures vanquished.

Grand Total: 179 creatures vanquished

Notes
Turn   | Place    | Note
-------+----------+-------------------------------------------
     0 | D:1      | Mrkan the Troll Monk began the quest for the Orb.
     0 | D:1      | Reached XP level 1. HP: 22/22 MP: 0/0
     2 | D:1      | Noticed a ghoul
     2 | D:1      | Noticed a demonspawn
     4 | D:1      | Noticed a minotaur
     4 | D:1      | Noticed an ogre
     6 | D:1      | Noticed a halfling
     6 | D:1      | Noticed a centaur
     8 | D:1      | Noticed a draconian
     8 | D:1      | Noticed a felid
    10 | D:1      | Noticed a human
    12 | D:1      | Noticed a dwarf
    12 | D:1      | Noticed a naga
    14 | D:1      | Noticed an octopode
    16 | D:1      | Noticed a demigod
    16 | D:1      | Noticed a gargoyle
    18 | D:1      | Noticed a merfolk
    18 | D:1      | Noticed a vampire
    20 | D:1      | Noticed a troll
    20 | D:1      | Noticed a tengu
    22 | D:1      | Noticed a formicid
    24 | D:1      | Noticed a vine stalker
    26 | D:1      | Noticed a spriggan
    26 | D:1      | Noticed an elf
    63 | D:1      | Reached XP level 2. HP: 5/29 MP: 1/1
   246 | D:1      | Reached XP level 3. HP: 36/36 MP: 2/2
   484 | D:1      | Reached skill level 4 in Unarmed Combat
   760 | D:2      | Found a bloodstained altar of Trog.
   802 | D:2      | Reached XP level 4. HP: 42/45 MP: 3/3
   868 | D:2      | Found a hazy altar of Hepliaklqana.
   873 | D:2      | Found a radiant altar of Vehumet.
   882 | D:2      | Became a worshipper of Trog the Wrathful
   882 | D:2      | Reached * piety under Trog
   882 | D:2      | Reached ** piety under Trog
  1058 | D:2      | Found a basalt altar of Yredelemnul.
  1349 | D:3      | Noticed an ogre
  1376 | D:3      | Killed an ogre
  1376 | D:3      | Reached skill level 5 in Unarmed Combat
  1376 | D:3      | Reached XP level 5. HP: 23/53 MP: 4/4
  1463 | D:3      | Found a deep blue altar of Sif Muna.
  1763 | D:4      | Reached XP level 6. HP: 50/62 MP: 5/5
  1822 | D:4      | Reached skill level 6 in Unarmed Combat
  1924 | D:4      | Found an iron altar of Okawaru.
  2392 | D:5      | Entered Level 5 of the Dungeon
  2442 | D:5      | Reached *** piety under Trog
  2442 | D:5      | Reached XP level 7. HP: 47/70 MP: 6/6
  2494 | D:5      | Reached skill level 7 in Unarmed Combat
  2642 | D:5      | Noticed Eustachio
  2667 | D:5      | Noticed Blork the orc
  2798 | D:5      | Killed Blork the orc
  3050 | D:5      | Reached skill level 5 in Fighting
  3050 | D:5      | Reached skill level 8 in Unarmed Combat
  3126 | D:5      | Reached XP level 8. HP: 80/80 MP: 7/7
  3172 | D:5      | Killed Eustachio
  3413 | D:6      | Reached skill level 9 in Unarmed Combat
  3634 | D:6      | Reached **** piety under Trog
  3670 | D:6      | Found a staircase to the Ecumenical Temple.
  4198 | D:7      | Reached skill level 10 in Unarmed Combat
  4229 | D:7      | Noticed Menkaure
  4233 | D:7      | Killed Menkaure
  4233 | D:7      | Reached XP level 9. HP: 89/89 MP: 8/8
  4870 | D:8      | Reached skill level 11 in Unarmed Combat
  4901 | D:8      | Slain by a killer bee

Skill      XL: |  1  2  3  4  5  6  7  8  9 |
---------------+----------------------------+-----
Unarmed Combat | 4 5 6 8 10 11 | 11.2
Fighting       | 3 4 5 6 |  6.9
Dodging        | |  2.4
Stealth        | |  1.0

Action                   |  1- 3 |  4- 6 |  7- 9 || total
-------------------------+-------+-------+-------++-------
Melee: Unarmed           |    85 |   158 |   294 ||   537
       Punch             |       |     4 |    10 ||    14
Invok: Brothers in Arms  |       |       |     1 ||     1
  Use: Scroll            |       |       |    16 ||    16
 Stab: Sleeping          |     1 |     3 |     3 ||     7
       Distracted        |       |     1 |       ||     1
  Eat: Chunk             |     3 |    12 |    24 ||    39
       Ration            |       |     1 |     1 ||     2
Armor: Robe              |    67 |    39 |    81 ||   187
Dodge: Dodged            |    89 |    83 |   137 ||   309
